 Dungeon Crawl Stone Soup version 0.19.5 (webtiles) character file.

76 Jerry the Ducker (level 4, -1/31 HPs)
             Began as an Octopode Fighter on Mar 23, 2017.
             Slain by a kobold (3 damage)
             ... on level 2 of the Dungeon.
             The game lasted 00:02:28 (1195 turns).

Jerry the Ducker (Octopode Fighter)                 Turns: 1195, Time: 00:02:29

Health: -1/31      AC:  1    Str: 15    XL:     4   Next: 32%
Magic:  4/4        EV: 14    Int: 10    God:
Gold:   23         SH:  0    Dex: 12    Spells: 0 memorised, 3 levels left

rFire  . . .     SeeInvis .       - Unarmed
rCold  . . .     Gourm    .     (no shield)
rNeg   . . .     Faith    .     (helmet restricted)
rPois  .         Spirit   .     (no amulet)
rElec  .         Reflect  .     (no ring)
rCorr  .         Harm     .     (no ring)
MR     .....                    (no ring)
Stlth  ++........               (no ring)
                                (no ring)
                                (no ring)
                                (no ring)
                                (no ring)

@: slowed, very slow
A: almost no armour, stealthy swim, amphibious, 8 rings, constrict 8, camouflage
1, gelatinous body 1
a: no special abilities


You were on level 2 of the Dungeon.
You were not hungry.

You visited 1 branch of the dungeon, and saw 2 of its levels.

You collected 23 gold pieces.

Inventory:

Armour
 a - a +0 shield
Jewellery
 n - an uncursed amulet of rage {unknown}
Scrolls
 d - a scroll of noise {unknown}
 f - 2 scrolls of enchant armour {unknown}
 h - 3 scrolls of remove curse {unknown}
 m - 2 scrolls of teleportation {unknown}
Potions
 b - a potion of might
 e - a potion of brilliance {unknown}
 g - a potion of lignification {unknown}
 j - a potion of flight {unknown}
 l - a potion of agility {unknown}
Comestibles
 c - a bread ration
 i - a beef jerky
 k - a meat ration


   Skills:
 + Level 3.4 Fighting
 + Level 3.6 Dodging
 + Level 3.3 Shields
 * Level 3.2 Unarmed Combat


You had 3 spell levels left.
You didn't know any spells.

Dungeon Overview and Level Annotations

Branches:
Dungeon (2/15)

Altars:


Innate Abilities, Weirdness & Mutations

You cannot wear most types of armour.
You are very stealthy in the water. (Stealth+)
You are amphibious.
You can wear up to eight rings at the same time.
You can use your tentacles to constrict eight enemies at once.
Your skin changes colour to match your surroundings (Stealth+).
Your rubbery body absorbs attacks. (AC +1, EV +1)


Message History

* * * LOW HITPOINT WARNING * * *
Natasha zaps a wand.
You resist with significant effort.
You tentacle-slap Natasha but do no damage.
Natasha is heavily wounded.
You constrict Natasha. The hobgoblin barely misses you.
Natasha zaps a wand.
You feel as though you will be slow longer.
The hobgoblin misses you.
You tentacle-slap Natasha.
You kill Natasha!
Natasha screams in fury as she dies!
You have reached level 4!
The hobgoblin closely misses you. The kobold misses you. The kobold misses you.
The hobgoblin barely misses you. The kobold closely misses you.
The hobgoblin closely misses you. The hobgoblin hits you with a club.
* * * LOW HITPOINT WARNING * * *
The hobgoblin hits you but does no damage.
The kobold hits you.
You die...

#.# #.# #.# #.# #.# #.#
#####.# #.# #.....# #.#
##.##### # #.# #######...#
.#.#####.# #..lg@..#......
....$....###...K.#...####.
....†............##.##
...#########.....# .# .
#.....# .# #........#
#....##### #....# #....#


You could see a hobgoblin, a kobold and a frilled lizard.

Vanquished Creatures
  Natasha (twice) (D:2)
  A dart slug (D:1)
  A leopard gecko (D:1)
  A giant cockroach (D:1)
  3 goblins (D:1)
  5 hobgoblins (D:1)
  2 jackals (D:1)
  3 kobolds (D:1)
  2 bats (D:1)
  3 frilled lizards (D:1)
23 creatures vanquished.

Notes
Turn   | Place    | Note
-------+----------+-------------------------------------------
     0 | D:1      | Jerry the Octopode Fighter began the quest for the Orb.
     0 | D:1      | Reached XP level 1. HP: 16/16 MP: 1/1
   115 | D:1      | Reached XP level 2. HP: 12/21 MP: 2/2
   727 | D:1      | Reached XP level 3. HP: 26/26 MP: 3/3
  1039 | D:2      | Noticed Natasha
  1053 | D:2      | Killed Natasha
  1164 | D:2      | Noticed Natasha
  1182 | D:2      | HP: 1/26 [hobgoblin/club (5)]
  1184 | D:2      | Killed Natasha
  1184 | D:2      | Reached XP level 4. HP: 1/31 MP: 4/4
  1191 | D:2      | HP: 1/31 [hobgoblin/club (1)]
  1195 | D:2      | Slain by a kobold

Skill      XL: |  1  2  3 |
---------------+----------+-----
Unarmed Combat | 3 |  3.2
Fighting       | |  3.4
Dodging        | |  3.6
Shields        | |  3.3

Action                   |  1- 3 |  4- 6 || total
-------------------------+-------+-------++-------
Melee: Unarmed           |    57 |       ||    57
       Constrict         |    16 |       ||    16
       Tentacles         |     9 |       ||     9
  Eat: Chunk             |     1 |       ||     1
Armor: Skin              |     4 |       ||     4
Dodge: Dodged            |    48 |     6 ||    54
